Map: Winter Madness LE

Players

Yuyuko

  • Race: Terran Terran
  • Spawn Location: 11:00

yawi - Winner!

  • Race: Terran Terran
  • League: Diamond
  • Spawn Location: 5:00

VOD

Have the link to the VOD?

Description

Build for Mech TVT

Time

  • Played on: March 6, 2026, 12:32 p.m.
  • Length: 18:52
Show
View Real Time Build Order
Export as new Build Order

Yuyuko Terran 

Build Orders: Mech 

Get SALT Encoding   

  12  0:00  SCV  
  13  0:12  SCV  
  14  0:17  Supply Depot  
  14  0:24  SCV  
  15  0:39  SCV  
  15  0:41  Barracks  
  16  0:43  Refinery  
  16  0:51  SCV  
  16  0:53  Refinery  
  17  1:03  SCV  
  18  1:15  SCV  
  19  1:27  Reaper  
  19  1:28  Orbital Command  
  20  1:37  Supply Depot  
  20  1:44  Factory  
  20  1:54  SCV  
  21  2:00  Reaper  
  22  2:06  SCV  
  23  2:18  SCV  
  24  2:26  Command Center  
  23  2:31  Hellion, SCV  
  23  2:36  Supply Depot  
  26  2:39  Barracks Reactor  
  26  2:44  SCV  
  27  2:55  Starport  
  27  2:56  SCV  
  27  2:57  Widow Mine  
  30  3:08  SCV  
  31  3:18  Marine x2  
  33  3:20  Factory Tech Lab, SCV  
  34  3:32  SCV, Medivac  
  37  3:37  Orbital Command  
  40  3:41  Cyclone  
  40  3:43  Marine x2  
  40  3:44  SCV  
  43  3:55  Supply Depot  
  43  3:56  SCV  
  43  4:00  Marine x2  
  46  4:03  SCV  
  46  4:06  Liberator  
  46  4:08  SCV  
  51  4:16  SCV  
  52  4:20  SCV  
  52  4:22  Siege Tank, Marine x2  
  58  4:25  Supply Depot  
  58  4:30  SCV, Refinery  
  58  4:31  Refinery  
  59  4:32  SCV  
  60  4:42  SCV  
  60  4:45  SCV  
  58  4:54  SCV  
  58  4:57  SCV  
  59  5:05  Starport Tech Lab  
  59  5:06  SCV, Marine x2  
  62  5:09  SCV  
  62  5:13  Supply Depot  
  63  5:17  Supply Depot  
  63  5:18  SCV  
  63  5:21  Siege Tank, SCV  
  68  5:30  SCV  
  68  5:33  SCV  
  69  5:42  SCV  
  68  5:46  SCV  
  66  5:50  Factory, Supply Depot  
  66  5:51  Supply Depot  
  66  5:53  Barracks Reactor  
  66  5:54  Viking, SCV  
  69  5:57  Viking  
  69  5:58  SCV  
  72  6:06  SCV  
  72  6:10  SCV  
  74  6:16  Command Center, Siege Tank  
  77  6:18  SCV  
  77  6:22  Supply Depot  
  77  6:24  Supply Depot  
  78  6:28  SCV  
  78  6:31  Viking x2  
  81  6:34  SCV  
  82  6:44  Siege Tank  
  82  6:46  Supply Depot  
  85  6:47  Supply Depot  
  85  6:48  Refinery, Factory  
  85  6:52  Refinery  
  85  7:00  SCV  
  85  7:01  SCV  
  87  7:02  Siege Tank  
  87  7:03  Viking x2  
  94  7:10  Supply Depot  
  94  7:13  SCV, Supply Depot  
  95  7:16  Siege Tank  
  98  7:33  Viking  
  98  7:34  Siege Tank  
  98  7:35  SCV x2  
  105  7:41  Armory  
  105  7:43  Hellion x2  
  105  7:44  Armory  
  108  7:48  Siege Tank  
  111  7:54  SCV  
  111  7:55  SCV, Orbital Command  
  112  8:04  Hellion  
  112  8:05  Viking  
  116  8:06  Siege Tank  
  116  8:12  SCV x2  
  121  8:20  Siege Tank  
  121  8:21  Supply Depot  
  121  8:24  SCV  
  121  8:25  SCV  
  126  8:29  SCV  
  126  8:36  SCV  
  126  8:37  SCV  
  126  8:38  Siege Tank  
  117  9:14  Terran Vehicle Weapons Level 1, Terran Vehicle And Ship Armor Level 1  
  115  9:21  Orbital Command  
  115  9:22  Siege Tank x2  
  115  9:23  Hellion x2  
  125  9:33  Refinery  
  125  9:36  Supply Depot  
  125  9:39  Supply Depot  
  125  9:42  Factory  
  125  9:43  Factory, SCV x2  
  127  9:54  Siege Tank  
  130  10:07  Supply Depot  
  130  10:08  Supply Depot  
  130  10:09  SCV x2  
  130  10:11  Viking x2  
  136  10:17  SCV  
  137  10:21  SCV  
  137  10:22  Engineering Bay  
  135  10:35  Siege Tank  
  135  10:36  Siege Tank, Factory Tech Lab, Factory Reactor  
  135  10:37  Hellion  
  135  10:38  Hellion  
  144  10:54  Command Center  
  144  10:59  Hellion x2, Command Center  
  144  11:00  Siege Tank, Missile Turret  
  144  11:01  Viking x2  
  155  11:08  Siege Tank, Hellion  
  143  11:17  SCV  
  136  11:23  SCV  
  137  11:29  SCV  
  137  11:31  Command Center  
  138  11:33  Siege Tank x2  
  144  11:40  Siege Tank  
  145  11:52  SCV  
  146  11:57  Hellion x4  
  154  12:05  Siege Tank x2  
  160  12:12  Siege Tank  
  159  12:21  Refinery  
  157  12:28  Hellion x3  
  166  12:37  Siege Tank x2  
  166  12:38  Starport  
  166  12:41  Orbital Command  
  169  12:44  Siege Tank  
  172  13:01  Infernal Pre-Igniter  
  172  13:09  Siege Tank x2  
  178  13:15  Refinery  
  178  13:16  Refinery, Siege Tank  
  178  13:17  Sensor Tower  
  180  13:36  Terran Vehicle Weapons Level 2, Terran Vehicle And Ship Armor Level 2  
  180  13:38  Hellion x7  
  180  13:41  Thor x2  
  186  13:45  Starport Reactor, Starport  
  192  13:48  Siege Tank  
  189  14:09  Neosteel Armor  
  175  14:20  Siege Tank  
  175  14:24  Siege Tank  
  179  14:34  Liberator x5  
  194  14:50  Sensor Tower  
  197  15:00  Siege Tank x2  
  200  15:10  Orbital Command  
  195  15:30  Liberator x2  
  197  15:53  Command Center  
  194  15:58  Terran Vehicle Weapons Level 3, Terran Vehicle And Ship Armor Level 3  
  194  16:44  Starport Tech Lab  
  194  16:47  Fusion Core  
  194  17:14  Hellion  
Show
View Real Time Build Order
Export as new Build Order

yawi Terran - Winner!

Build Orders: Cyclone Opening 

Get SALT Encoding   

  12  0:00  SCV  
  13  0:12  SCV  
  14  0:17  Supply Depot  
  14  0:24  SCV  
  15  0:38  SCV  
  15  0:39  Barracks  
  16  0:44  Refinery  
  16  0:50  SCV  
  16  0:53  Refinery  
  17  1:02  SCV  
  18  1:14  SCV  
  19  1:27  Supply Depot, Reaper  
  19  1:28  Orbital Command  
  20  1:42  Factory  
  20  1:55  SCV  
  20  1:59  Reaper  
  22  2:11  SCV  
  23  2:23  SCV  
  23  2:29  Command Center  
  24  2:32  Factory Tech Lab  
  24  2:35  SCV  
  25  2:40  Barracks Reactor  
  25  2:42  Supply Depot  
  25  2:47  SCV  
  25  2:50  Cyclone  
  29  2:59  SCV  
  30  3:11  SCV  
  31  3:14  Starport  
  31  3:16  Marine x2  
  33  3:23  Supply Depot, SCV  
  34  3:35  Marine x2  
  34  3:36  SCV  
  34  3:41  Siege Tank  
  40  3:43  Orbital Command  
  40  3:47  Supply Depot  
  40  3:52  Starport Tech Lab  
  40  3:53  Marine x2  
  42  3:56  SCV  
  43  4:08  SCV  
  44  4:11  Marine x2, Raven  
  44  4:15  Interference Matrix  
  44  4:16  Refinery  
  48  4:17  SCV  
  48  4:20  SCV  
  50  4:29  Marine, SCV  
  52  4:32  SCV  
  52  4:47  Marine x2  
  52  4:48  Siege Tank  
  53  5:01  SCV  
  53  5:02  Raven  
  53  5:03  SCV  
  53  5:05  Marine  
  58  5:10  Barracks x2, Engineering Bay  
  58  5:11  Engineering Bay  
  58  5:13  SCV  
  59  5:15  SCV  
  59  5:20  Marine  
  61  5:22  Command Center  
  61  5:24  Supply Depot  
  61  5:25  SCV  
  62  5:38  Marine x2  
  62  5:39  Siege Tank  
  67  5:46  SCV x2  
  66  5:58  SCV x2  
  66  6:00  Terran Infantry Weapons Level 1  
  66  6:01  Terran Infantry Armor Level 1  
  66  6:03  Barracks Reactor  
  68  6:05  Barracks, Starport Reactor  
  68  6:06  Barracks Reactor  
  68  6:07  Barracks  
  68  6:10  SCV x2  
  70  6:14  Supply Depot  
  70  6:15  Marine x2, Supply Depot  
  72  6:19  Marine  
  72  6:22  SCV x2, Siege Tank  
  78  6:33  Marine x2  
  78  6:34  SCV x2  
  78  6:35  Refinery  
  78  6:36  Supply Depot  
  78  6:39  Supply Depot  
  82  6:44  Medivac x2  
  86  6:49  SCV x2  
  86  6:52  Armory  
  88  6:57  Orbital Command  
  88  7:01  SCV  
  88  7:03  Stimpack  
  88  7:04  Barracks Tech Lab  
  88  7:05  Missile Turret, Barracks Tech Lab  
  89  7:09  SCV  
  89  7:11  Marine  
  89  7:12  Marauder, Marine  
  89  7:13  Marine, SCV  
  96  7:18  Marine  
  96  7:21  SCV  
  98  7:29  Marine  
  99  7:31  Marine x2, Marauder x2  
  99  7:33  Marauder, SCV  
  99  7:34  SCV  
  99  7:35  SCV  
  99  7:36  Marine  
  111  7:45  SCV  
  111  7:46  Medivac, SCV  
  111  7:47  SCV  
  116  7:53  Marauder x2  
  116  7:54  Marauder  
  116  7:57  SCV  
  116  7:58  SCV  
  124  7:59  Marine  
  125  8:06  Supply Depot, Terran Ship Weapons Level 1  
  125  8:07  Supply Depot x2  
  125  8:19  Refinery  
  125  8:20  Refinery  
  125  8:22  Supply Depot  
  125  8:23  Supply Depot x2  
  125  8:27  Marine x3, Medivac, SCV  
  125  8:28  Marauder, Combat Shield, Marine, SCV  
  122  8:49  Marine  
  122  8:50  Marauder x3, Marine x2  
  128  9:11  Marauder x3  
  128  9:14  Marine x2  
  129  9:18  Marine x2  
  129  9:23  Terran Infantry Weapons Level 2, Terran Infantry Armor Level 2, Barracks  
  131  9:24  Barracks x2  
  131  9:32  Marine, Marauder x2  
  131  9:33  Marauder  
  131  9:36  Marine  
  131  9:37  Marine x2, Command Center  
  141  9:44  Medivac  
  141  9:45  Medivac, Supply Depot x2  
  145  9:46  Supply Depot  
  145  9:47  Concussive Shells  
  145  9:49  Marine  
  146  9:54  Marauder x3  
  152  10:06  Marine x3  
  155  10:07  Terran Ship Weapons Level 2  
  155  10:15  Marauder x2  
  155  10:16  Bunker  
  155  10:18  Supply Depot x2  
  155  10:19  Supply Depot  
  159  10:23  Marauder, Barracks Tech Lab  
  159  10:24  Barracks Tech Lab  
  159  10:25  Command Center  
  161  10:36  Marine x4, Marauder  
  161  10:37  Marauder  
  169  10:44  Marauder  
  171  10:51  Marauder x3  
  171  10:54  Marine x4  
  181  10:58  Marauder  
  168  11:15  Marauder x5, Marine x3  
  168  11:16  Marine, Medivac  
  182  11:19  Marauder  
  182  11:22  Medivac  
  186  11:31  Planetary Fortress  
  186  11:33  Marine  
  186  11:36  Marauder  
  189  11:41  Marauder x4  
  189  11:42  Marauder  
  199  12:09  Bunker  
  199  12:11  Engineering Bay  
  198  12:16  Planetary Fortress  
  198  12:18  Marauder  
  200  12:35  Command Center  
  200  12:39  Command Center  
  200  12:46  Marine  
  200  12:53  Refinery  
  200  12:55  Refinery x3  
  200  12:57  Starport  
  200  12:59  Starport  
  200  13:01  Terran Ship Weapons Level 3  
  200  13:02  Starport  
  200  13:03  Terran Infantry Weapons Level 3, Terran Infantry Armor Level 3  
  199  14:00  Viking  
  199  14:01  Viking, Starport Reactor x2  
  199  14:02  Starport Tech Lab  
  197  14:24  Viking  
  199  14:26  Orbital Command  
  199  14:27  Orbital Command  
  199  14:31  Command Center  
  199  14:32  Command Center  
  199  14:36  Command Center  
  199  14:52  Fusion Core  
  199  14:53  Starport  
  199  14:56  Starport  
  191  15:27  Viking x4  
  191  15:28  Viking x2  
  180  15:33  Viking  
  172  15:48  Advanced Ballistics  
  147  15:57  Viking x3  
  147  16:02  Viking x3  
  159  16:06  Orbital Command x2  
  165  16:11  Battlecruiser  
  165  16:13  Marauder x2  
  165  16:14  Marauder x3  
  175  16:40  Viking x5  
  175  16:41  Viking  
  187  16:50  Terran Vehicle And Ship Armor Level 1  
  187  17:11  Liberator x4  
  195  17:30  Viking x2  
  192  18:00  Liberator x2  
  192  18:01  Liberator, Viking  
  198  18:11  Marine  
  198  18:12  Marauder  
  163  18:19  Viking  
  153  18:20  Viking x2  
Tags
 
Composition
Mech
League
Diamond
Matchup
TvT
Race
Terran
Spawn Locations
Cross Positions
Add a new tag
Caveats
  • Supply blocks, unpowered buildings, or Contaminate may cause inaccurate times.
  • Supply counts are checked every 10 seconds.